 Dungeon Sprint DCSS version 0.19.0-11-g3fc08b3 (webtiles) character file.

531970 NINUZHNO the Swordmaster (level 21, -10/244 HPs)
             Began as a Deep Dwarf Berserker on Nov 8, 2016.
             Was the Champion of Trog.
             Killed from afar by a hellion (38 damage)
             ... with damnation
             ... summoned by Asmodeus
             ... in the Dungeon (Sprint IX: "|||||||||||||||||||||||||||||").
             The game lasted 01:03:41 (9696 turns).

NINUZHNO the Swordmaster (Deep Dwarf Berserker)     Turns: 9696, Time: 01:03:41

Health: -10/244    AC: 45    Str: 29    XL:     21   Next: 69%
Magic:  29/29      EV: 25    Int:  8    God:    Trog [******]
Gold:   319        SH:  4    Dex: 12    Spells: 0 memorised, 20 levels left

rFire  + + .     SeeInvis .     z - +14 plutonium sword {*Contam Stlth-}
rCold  + + .     Gourm    .     A - +9 ice dragon scales
rNeg   + + +     Faith    .     (shield currently unavailable)
rPois  +         Spirit   .     p - +2 helmet
rElec  .         Reflect  +     C - +2 cloak
rCorr  .         Harm     .     g - +2 pair of gloves
MR     +++++     NoTele   +     G - +2 pair of boots
Stlth  ++++++....               I - +4 amulet of reflection
                                P - ring "Xidu" {*Slow +Fly rPois rF+++ rN+ Stlth-}
                                H - ring of Lask {Wiz rN++ MR+}

@: exhausted, very slightly contaminated, non-regenerating, hasted and slowed
A: damage resistance, recharge devices, dopey 1, low mp 1, negative energy
resistance 1, sense surroundings 3, slow regeneration 3
a: Device Recharging, Berserk, Trog's Hand, Brothers in Arms, Burn Spellbooks,
Renounce Religion, Evoke Flight
}: 9/15 runes: decaying, serpentine, barnacled, slimy, elven, silver, golden,
abyssal, gossamer


You were in the Dungeon.
You worshipped Trog.
Trog was exalted by your worship.
You were very full.

You visited 1 branch You collected 1970 gold pieces.
You spent 1651 gold pieces at shops.

Inventory:

Hand Weapons
 z - the +14 plutonium sword (weapon) {*Contam Stlth-}
   (You found it in the Dungeon)

   It causes magical contamination when unequipped.
   It makes you less stealthy.
Armour
 g - a +2 pair of gloves (worn)
 p - a +2 helmet (worn)
 A - +9 ice dragon scales (worn)
 C - a +2 cloak (worn)
 G - a +2 pair of boots (worn)
Rods
 U - a +4 lightning rod (13/13)
   (You found it in the Dungeon)
Jewellery
 k - the ring "Orirat" {rC+ Int+4}
   (You bought it in a shop in the Dungeon)

   [ring of protection from cold]

   It affects your intelligence (+4).
   It protects you from cold.
 o - the ring of Kopsack {Ice Str+4 Stlth-}
   (You found it in the Dungeon)

   [ring of ice]

   It enhances your ice magic.
   It affects your strength (+4).
   It makes you vulnerable to fire.
   It protects you from cold.
   It makes you less stealthy.
 F - the ring of Xom's Capriciousness {rC+ rN+ Dex+3}
   (You found it in the Dungeon)

   [ring of protection from cold]

   It affects your dexterity (+3).
   It protects you from cold.
   It protects you from negative energy.
 H - the ring of Lask (left hand) {Wiz rN++ MR+}
   (You bought it in a shop in the Dungeon)

   [ring of wizardry]

   It improves your spell success rate.
   It greatly protects you from negative energy.
   It affects your resistance to hostile enchantments.
 I - a +4 amulet of reflection (around neck)
 K - an uncursed ring of ice
 L - the ring "Jes Xeog" {rF+ Str+2 Dex+2}
   (You found it in the Dungeon)

   [ring of protection from fire]

   It affects your strength (+2).
   It affects your dexterity (+2).
   It protects you from fire.
 P - the ring "Xidu" (right hand) {*Slow +Fly rPois rF+++ rN+ Stlth-}
   (You found it in the Dungeon)

   [ring of poison resistance]

   It renders you almost immune to fire.
   It protects you from poison.
   It protects you from negative energy.
   It lets you fly.
   It may slow you when you take damage.
   It makes you less stealthy.
 R - a +6 ring of dexterity
Wands
 c - a wand of heal wounds (6/9)
 n - a wand of acid (1/15)
 q - a wand of slowing (21/48)
 J - a wand of polymorph (11/24)
 X - a wand of hasting (4/9)
Scrolls
 m - 3 scrolls of remove curse
 r - 4 scrolls of fear
 w - 4 scrolls of recharging
 x - 3 scrolls of fog
 y - 6 scrolls of enchant weapon
 M - a scroll of torment
 O - a scroll of enchant armour
Potions
 a - 2 potions of cure mutation
 e - 6 potions of curing
 f - 3 potions of heal wounds
 h - 4 potions of magic
 i - 5 potions of berserk rage
 l - a potion of invisibility
 s - 2 potions of ambrosia
 t - 4 potions of agility
 B - a potion of cancellation
 N - a potion of might
 W - 2 potions of resistance
 Z - 2 potions of brilliance
Miscellaneous
 d - the horn of Geryon (inert)
 E - a lamp of fire
Comestibles
 b - 31 fruits
 D - 12 meat rations


   Skills:
 O Level 27 Fighting
 O Level 27 Long Blades
 O Level 27 Throwing
 O Level 27 Armour
 O Level 27 Dodging
 O Level 27 Stealth
   Level 21.9 Shields
 O Level 27 Unarmed Combat
 O Level 27 Evocations


You had 20 spell levels left.
You didn't know any spells.

Dungeon Overview and Level Annotations

Branches:
Dungeon (1/1)

Altars:
Cheibriados
Dithmenos
Elyvilon
Fedhas
Gozag
Hepliaklqana
Kikubaaqudgha
Makhleb
Nemelex Xobeh
Okawaru
Qazlal
Ru
Sif Muna
Trog
Uskayaw
Vehumet
Xom
Yredelemnul
Zin
The Shining One
Beogh
Jiyva
Lugonu

Shops:
D =![=

Annotations:
D Asmodeus, Dispater


Innate Abilities, Weirdness & Mutations

You are resistant to damage.
You can recharge devices by infusing magical energy.
You resist negative energy. (rN+)
You passively map a large area around you.
You do not regenerate.
You are dopey. (Int -2)
Your magical capacity is low. (-10% MP)


Message History

The Executioner gestures.
The Executioner seems to speed up.
Asmodeus shouts, "Submit, thou dissembling hedge-born maggot-pie!"
The hellion is engulfed in roaring flames.
Your extra speed is starting to run out.
Okay, then.
There's nothing to close nearby.
Unknown command.
Evoke which item? (* to show all) (? for menu, Esc to quit)
You produce a hideous howling noise!
The hellion gestures at you.
The sphere of damnation explodes!
The damnation engulfs you!
* * * LOW HITPOINT WARNING * * *
The damnation engulfs the hellion.
The hellion completely resists.
The damnation engulfs your hell beast.
Send 'em back where they came from!
Trog shields your ally from puny magic! x3
You swap places.
The Executioner gestures.
The hellion gestures at you.
The sphere of damnation explodes!
The damnation engulfs you!
You die...

.....)...'.)....)((.)))()....(...
▓▓▓▓▓▓▓▓▓▓▓▓▓▓▓▓▓▓▓▓▓▓▓▓▓♣♣♣♣♣♣♣♣
.................................
▓▓▓▓▓▓▓▓▓▓▓▓▓▓▓▓▓▓▓▓▓▓▓▓▓▓▓▓▓▓▓▓▓
))'.........')(.......')........)
▓▓▓▓▓▓▓▓▓▓▓▓▓▓▓▓▓▓▓▓▓▓▓▓▓▓▓▓▓▓▓▓▓
.................................
▓▓▓▓▓▓▓▓▓▓▓▓▓▓▓▓▓▓▓▓▓▓▓▓▓▓▓▓▓▓▓▓▓
§§φ..22231&&§222@2...............
▓▓▓▓▓▓▓▓▓▓▓▓▓▓▓▓▓▓▓▓▓▓▓▓▓▓▓▓▓▓▓▓▓


You could see Asmodeus, Dispater, an Executioner, a hellion and 3 friendly hell
beasts.

Vanquished Creatures
  Antaeus (D)
  the Royal Jelly (D)
  Mnoleg (D)
  2 ancient liches (D)
  5 orbs of fire (D)
  Mara (D)
  7 greater mummies (D)
  Boris (D)
  Margery (D)
  Xtahua (D)
  Geryon (D)
  A curse toe (D)
  4 golden dragons (D)
  Nikola (D)
  Jory (D)
  6 electric golems (D)
  A lich (D)
  23 Orb Guardians (D)
  Rupert (D)
  2 deep elf master archers (D)
  3 titans (D)
  3 quicksilver dragons (D)
  A deep elf blademaster (D)
  4 acid blobs (D)
  14 sphinxes (D)
  A tentacled starspawn (D)
  A draconian monk (D)
  Gastronok (D)
  5 shadow dragons (D)
  Ilsuiw (D)
  4 storm dragons (D)
  8 azure jellies (D)
  Kirke (D)
  5 nagarajas (D)
  2 tengu reavers (D)
  2 frost giants (D)
  A draconian knight (D)
  2 fire giants (D)
  2 deep elf sorcerers (D)
  4 emperor scorpions (D)
  A vault warden (D)
  3 draconian scorchers (D)
  A draconian shifter (D)
  6 ghost moths (D)
  An ironheart preserver (D)
  9 vampire knights (D)
  4 stone giants (D)
  2 very ugly things (D)
  3 green draconians (D)
  3 red draconians (D)
  A dire elephant (D)
  2 deep elf demonologists (D)
  Azrael (D)
  A starcursed mass (D)
  5 black draconians (D)
  A mottled draconian (D)
  4 purple draconians (D)
  3 white draconians (D)
  3 yellow draconians (D)
  2 merfolk javelineers (D)
  2 deep elf death magi (D)
  5 death oozes (D)
  3 merfolk impalers (D)
  4 fire dragons (D)
  2 ettins (D)
  4 yaktaur captains (D)
  3 ogre magi (D)
  4 deep elf high priests (D)
  3 mummy priests (D)
  3 great orbs of eyes (D)
  2 rakshasas (D)
  A naga warrior (D)
  5 hydras (D)
  25 vault guards (D)
  4 ice dragons (D)
  4 merfolk aquamancers (D)
  2 anacondas (D)
  A catoblepas (D)
  A spriggan air mage (D)
  An alligator (D)
  3 death knights (D)
  A centaur warrior (D)
  A deep troll earth mage (D)
  3 merfolk avatars (D)
  2 tengu warriors (D)
  2 deep troll shamans (D)
  2 orc high priests (D)
  A naga sharpshooter (D)
  A shadow wraith (D)
  An iron troll (D)
  3 hell knights (D)
  A shambling mangrove (D)
  2 sea snakes (D)
  A naga ritualist (D)
  9 swamp dragons (D)
  2 wizards (D)
  3 lindwurms (D)
  A hill giant (D)
  3 ironbrand convokers (D)
  4 orc knights (D)
  A mana viper (D)
  An oklob plant (D)
  A deep elf mage (D)
  3 ugly things (D)
  A manticore (D)
  3 wolf spiders (D)
  9 moths of wrath (D)
  An elephant (D)
  3 black mambas (D)
  2 guardian serpents (D)
  4 naga magi (D)
  A smoke demon (D)
  5 spiny frogs (D)
  A gargoyle (D)
  A water nymph (D)
  2 demonic crawlers (D)
  3 yaktaurs (D)
  3 freezing wraiths (D)
  A yaktaur (shapeshifter) (D)
  An efreet (D)
  18 guardian mummies (D)
  4 jumping spiders (D)
  An ancient zyme (D)
  5 merfolk (D)
  6 tyrant leeches (D)
  A bog body (D)
  2 slime creatures (D)
  5 hornets (D)
  2 blink frogs (D)
  2 hippogriffs (D)
  A redback (D)
  11 spriggans (D)
  2 wraiths (D)
  A yak (D)
  A tarantella (D)
  A water elemental (D)
  Eustachio (D)
  3 hogs (D)
  Grum (D)
  2 fire elementals (D)
  3 golden eyes (D)
  A basilisk (D)
  A neqoxec (D)
  A mottled dragon (D)
  3 nagas (D)
  2 floating eyes (D)
  2 hell hounds (D)
  3 water moccasins (D)
  An ice beast (D)
  10 orc warriors (D)
  A porcupine (D)
  2 centaurs (D)
  5 wolves (D)
  A crocodile (D)
  3 bullfrogs (D)
  2 howler monkeys (D)
  A crimson imp (D)
  A jelly (D)
  7 orc priests (D)
  A hound (D)
  An iron imp (D)
  6 orc wizards (D)
  A worker ant (D)
  2 small abominations (D)
  An adder (D)
  An ooze (D)
  3 worms (D)
  A leopard gecko (D)
  6 orcs (D)
  2 giant cockroaches (D)
  2 goblins (D)
  A kobold (D)
  2 quokkas (D)
  2 crawling corpses (D)
507 creatures vanquished.

Vanquished Creatures (collateral kills)
  An acid blob (D)
  A shadow dragon (D)
  An azure jelly (D)
  2 vault wardens (D)
  An emperor scorpion (D)
  A very ugly thing (D)
  A death ooze (D)
  A fire dragon (D)
  An ogre mage (D)
  3 orc high priests (D)
  A flayed ghost (D)
  A necromancer (D)
  A vault sentinel (D)
  3 orc priests (D)
  A leopard gecko simulacrum (D)
20 creatures vanquished.

Vanquished Creatures (others)
  A large abomination (D)
  A necromancer (D)
  2 humans (D)
  A starspawn tentacle (D)
5 creatures vanquished.

Grand Total: 532 creatures vanquished

Notes
Turn   | Place    | Note
-------+----------+-------------------------------------------
     0 | D        | NINUZHNO the Deep Dwarf Berserker began the quest for the Orb.
     0 | D        | Reached XP level 1. HP: 20/20 MP: 1/1
    13 | D        | Reached ** piety under Trog
    14 | D        | Reached XP level 2. HP: 28/28 MP: 2/2
    53 | D        | Noticed a howler monkey
    53 | D        | Noticed a crimson imp
    53 | D        | Noticed a centaur
    68 | D        | Killed a centaur
    68 | D        | Reached *** piety under Trog
    68 | D        | Reached skill level 5 in Armour
    68 | D        | Reached XP level 3. HP: 27/37 MP: 3/3
    68 | D        | Reached XP level 4. HP: 33/45 MP: 4/4
    70 | D        | Reached skill level 5 in Fighting
    75 | D        | Reached XP level 5. HP: 39/52 MP: 5/5
    86 | D        | Found a roughly hewn altar of Beogh.
    86 | D        | Found a snail-covered altar of Cheibriados.
    86 | D        | Found a shadowy altar of Dithmenos.
    86 | D        | Found a white marble altar of Elyvilon.
    86 | D        | Found a blossoming altar of Fedhas.
    86 | D        | Found an opulent altar of Gozag.
    88 | D        | Found a hazy altar of Hepliaklqana.
    89 | D        | Found a viscous altar of Jiyva.
    90 | D        | Found an ancient bone altar of Kikubaaqudgha.
    91 | D        | Found a corrupted altar of Lugonu.
    92 | D        | Found a burning altar of Makhleb.
    93 | D        | Found a sparkling altar of Nemelex Xobeh.
    94 | D        | Found an iron altar of Okawaru.
    95 | D        | Found a stormy altar of Qazlal.
    96 | D        | Found a sacrificial altar of Ru.
    97 | D        | Found a deep blue altar of Sif Muna.
    98 | D        | Found a bloodstained altar of Trog.
    99 | D        | Found a hide-covered altar of Uskayaw.
   100 | D        | Found a radiant altar of Vehumet.
   101 | D        | Found a shimmering altar of Xom.
   102 | D        | Found a basalt altar of Yredelemnul.
   103 | D        | Found a glowing silver altar of Zin.
   104 | D        | Found a glowing golden altar of the Shining One.
   163 | D        | Reached **** piety under Trog
   191 | D        | Noticed a manticore
   191 | D        | Noticed a hippogriff
   191 | D        | Noticed a wraith
   191 | D        | Noticed an ice beast
   196 | D        | Killed an ice beast
   196 | D        | Reached ***** piety under Trog
   196 | D        | Reached skill level 10 in Long Blades
   196 | D        | Reached XP level 6. HP: 63/63 MP: 6/6
   202 | D        | Killed a wraith
   202 | D        | Reached XP level 7. HP: 72/72 MP: 7/7
   208 | D        | Killed a hippogriff
   215 | D        | Killed a manticore
   215 | D        | Reached XP level 8. HP: 75/82 MP: 8/8
   336 | D        | Noticed a spiny frog
   336 | D        | Reached skill level 10 in Armour
   337 | D        | Noticed a spiny frog
   340 | D        | Noticed a spiny frog
   345 | D        | Received a gift from Trog
   359 | D        | Killed a spiny frog
   359 | D        | Reached ****** piety under Trog
   365 | D        | Killed a spiny frog
   365 | D        | Gained mutation: You passively map the area around you. [Deep Dwarf growth]
   365 | D        | Reached XP level 9. HP: 93/93 MP: 9/9
   370 | D        | Killed a spiny frog
   370 | D        | Reached skill level 10 in Fighting
   434 | D        | Noticed an elephant
   434 | D        | Noticed a seven-headed hydra
   439 | D        | Killed a five-headed hydra
   439 | D        | Reached skill level 15 in Long Blades
   446 | D        | Received a gift from Trog
   448 | D        | Noticed a spiny frog
   454 | D        | Killed an elephant
   454 | D        | Reached XP level 10. HP: 104/104 MP: 10/10
   462 | D        | Killed a spiny frog
   508 | D        | Noticed a lindwurm
   508 | D        | Noticed a lindwurm
   508 | D        | Noticed a lindwurm
   511 | D        | Killed a lindwurm
   511 | D        | Received a gift from Trog
   517 | D        | Killed a lindwurm
   521 | D        | Killed a lindwurm
   533 | D        | Reached skill level 5 in Dodging
   551 | D        | Got an ancient triple sword {god gift}
   552 | D        | Identified the +5 triple sword of Responsibility {freeze, *Rage rPois Dex+5 Stlth+} (Trog gifted it to you in the Dungeon)
   650 | D        | Noticed Gastronok
   661 | D        | Killed Gastronok
   661 | D        | Received a gift from Trog
   661 | D        | Reached XP level 11. HP: 115/115 MP: 11/11
   723 | D        | Received a gift from Trog
   741 | D        | Received a gift from Trog
   785 | D        | Noticed an orc knight
   790 | D        | Killed an orc knight
   798 | D        | Noticed an orc knight
   802 | D        | Received a gift from Trog
   820 | D        | Killed an orc knight
   867 | D        | Found Sotwyc's Jewellery Boutique.
   867 | D        | Noticed an orc high priest
   867 | D        | Noticed an orc high priest
   867 | D        | Noticed an orc high priest
   869 | D        | Noticed an orc high priest
   880 | D        | Killed an orc high priest
   880 | D        | Received a gift from Trog
   892 | D        | Killed an orc high priest
   894 | D        | Noticed a sixfirhy
   894 | D        | Killed an orc high priest
   897 | D        | Noticed a soul eater
   897 | D        | Killed an orc high priest
   898 | D        | Found Aritz's Antique Armour Shop.
   902 | D        | Found Dykul's Distillery.
   904 | D        | Noticed an orc high priest
   905 | D        | Found Xinuahir's Jewellery Shop.
   920 | D        | Killed an orc high priest
   920 | D        | Reached skill level 15 in Armour
   924 | D        | Received a gift from Trog
   993 | D        | Bought the ring of Lask {Wiz rN++ MR+} for 584 gold pieces
   993 | D        | Bought a +4 amulet of reflection for 275 gold pieces
  1000 | D        | Bought 2 potions of degeneration for 22 gold pieces
  1000 | D        | Bought a potion of curing for 33 gold pieces
  1000 | D        | Bought a potion of agility for 44 gold pieces
  1000 | D        | Bought 2 potions of ambrosia for 176 gold pieces
  1000 | D        | Bought a potion of curing for 33 gold pieces
  1032 | D        | Noticed Grum
  1042 | D        | Killed Grum
  1046 | D        | Received a gift from Trog
  1324 | D        | Bought the ring "Orirat" {rC+ Int+4} for 484 gold pieces
  1467 | D        | Noticed a deep elf mage
  1469 | D        | Noticed a hill giant
  1471 | D        | Noticed a tengu warrior
  1477 | D        | Noticed a deep troll earth mage
  1481 | D        | Noticed a rakshasa
  1482 | D        | Noticed a fire dragon
  1485 | D        | Killed a deep elf mage
  1485 | D        | Received a gift from Trog
  1486 | D        | Noticed an ogre mage
  1487 | D        | Noticed a green ugly thing
  1489 | D        | Killed a hill giant
  1490 | D        | Killed a tengu warrior
  1490 | D        | Reached skill level 10 in Dodging
  1491 | D        | Noticed a tengu reaver
  1492 | D        | Killed a deep troll earth mage
  1492 | D        | Reached XP level 12. HP: 127/127 MP: 12/12
  1493 | D        | Noticed a great orb of eyes
  1502 | D        | Killed a rakshasa
  1507 | D        | Killed a fire dragon
  1507 | D        | Received a gift from Trog
  1509 | D        | Killed an ogre mage
  1522 | D        | Killed a tengu reaver
  1525 | D        | Killed a great orb of eyes
  1581 | D        | Noticed Rupert
  1595 | D        | Killed Rupert
  1678 | D        | Received a gift from Trog
  1693 | D        | Received a gift from Trog
  1697 | D        | Noticed an emperor scorpion
  1703 | D        | Killed an emperor scorpion
  1703 | D        | Reached skill level 5 in Evocations
  1730 | D        | Noticed a merfolk impaler
  1736 | D        | Noticed a merfolk aquamancer
  1756 | D        | Killed a merfolk aquamancer
  1756 | D        | Reached XP level 13. HP: 82/136 MP: 8/15
  1762 | D        | Killed a merfolk impaler
  1762 | D        | Received a gift from Trog
  1764 | D        | Reached skill level 15 in Fighting
  1871 | D        | Received a gift from Trog
  1947 | D        | Received a gift from Trog
  1965 | D        | Received a gift from Trog
  2060 | D        | Noticed Eustachio
  2076 | D        | Killed Eustachio
  2121 | D        | Noticed an ettin
  2121 | D        | Noticed a cyan very ugly thing
  2121 | D        | Noticed a stone giant
  2121 | D        | Noticed a red very ugly thing
  2121 | D        | Noticed a fire dragon
  2130 | D        | Killed a red very ugly thing
  2130 | D        | Received a gift from Trog
  2130 | D        | Killed a fire dragon
  2133 | D        | Noticed a sphinx
  2135 | D        | Killed a stone giant
  2135 | D        | Reached skill level 10 in Evocations
  2136 | D        | Noticed a stone giant
  2138 | D        | Killed a cyan very ugly thing
  2144 | D        | Killed an ettin
  2152 | D        | Received a gift from Trog
  2154 | D        | Killed a sphinx
  2158 | D        | Killed a stone giant
  2182 | D        | Received a gift from Trog
  2200 | D        | Gained mutation: You resist negative energy. (rN+) [Deep Dwarf growth]
  2200 | D        | Reached XP level 14. HP: 31/150 MP: 19/21
  2246 | D        | Noticed a frost giant
  2311 | D        | Killed a frost giant
  2366 | D        | Received a gift from Trog
  2366 | D        | Reached skill level 15 in Dodging
  2413 | D        | Noticed a vault warden
  2421 | D        | Noticed a vault warden
  2442 | D        | Killed a vault warden
  2448 | D        | HP: 4/151 [vault warden/great sword (18)]
  2451 | D        | Killed a vault warden
  2451 | D        | Received a gift from Trog
  2457 | D        | Noticed an ironheart preserver
  2468 | D        | Killed an ironheart preserver
  2492 | D        | Received a gift from Trog
  2496 | D        | Noticed a black draconian shifter
  2496 | D        | Noticed a greater mummy
  2496 | D        | Noticed Mnoleg
  2576 | D        | Killed a black draconian shifter
  2615 | D        | Killed a greater mummy
  2615 | D        | Received a gift from Trog
  2672 | D        | Noticed a tentacled monstrosity
  2681 | D        | Noticed a tentacled monstrosity
  2683 | D        | Paralysed by a floating eye for 3 turns
  2687 | D        | Gained mutation: Scrolls take you a little longer to read. [Mnoleg's mutagenic touch]
  2697 | D        | Noticed a tentacled monstrosity
  2704 | D        | Killed Mnoleg
  2704 | D        | Reached skill level 15 in Evocations
  2796 | D        | Reached XP level 15. HP: 128/160 MP: 14/22
  2851 | D        | Received a gift from Trog
  2929 | D        | Noticed Kirke
  2944 | D        | Killed Kirke
  2959 | D        | Noticed Margery
  2977 | D        | Killed Margery
  2991 | D        | Received a gift from Trog
  3033 | D        | Noticed Azrael
  3042 | D        | Killed Azrael
  3044 | D        | Received a gift from Trog
  3130 | D        | Got the +0 large shield of Quafres {rCorr}
  3298 | D        | Reached skill level 1 in Shields
  3326 | D        | Received a gift from Trog
  3329 | D        | Reached skill level 5 in Shields
  3365 | D        | Got a decaying rune of Zot
  3410 | D        | Noticed a nagaraja
  3410 | D        | Noticed a nagaraja
  3412 | D        | Killed a nagaraja
  3412 | D        | Received a gift from Trog
  3418 | D        | Noticed a nagaraja
  3434 | D        | Killed a nagaraja
  3434 | D        | Received a gift from Trog
  3438 | D        | Noticed a nagaraja
  3439 | D        | Killed a nagaraja
  3443 | D        | Noticed a nagaraja
  3452 | D        | Received a gift from Trog
  3457 | D        | Killed a nagaraja
  3463 | D        | Killed a nagaraja
  3463 | D        | Received a gift from Trog
  3463 | D        | Reached skill level 10 in Shields
  3472 | D        | Got a serpentine rune of Zot
  3519 | D        | Noticed Ilsuiw
  3525 | D        | Received a gift from Trog
  3536 | D        | Killed Ilsuiw
  3553 | D        | Received a gift from Trog
  3566 | D        | Received a gift from Trog
  3585 | D        | Got a barnacled rune of Zot
  3628 | D        | Killed a ghost moth
  3636 | D        | Reached XP level 16. HP: 175/175 MP: 2/25
  3647 | D        | Received a gift from Trog
  3726 | D        | Got a gossamer rune of Zot
  3784 | D        | Noticed Boris
  3787 | D        | Noticed Nikola
  3797 | D        | Killed Boris
  3797 | D        | Reached skill level 15 in Shields
  3807 | D        | Killed Nikola
  3807 | D        | Received a gift from Trog
  3909 | D        | Received a gift from Trog
  3934 | D        | Received a gift from Trog
  4022 | D        | Received a gift from Trog
  4109 | D        | Noticed a titan
  4120 | D        | Received a gift from Trog
  4140 | D        | Noticed a shadow dragon
  4149 | D        | Killed a titan
  4149 | D        | Received a gift from Trog
  4150 | D        | Noticed a tengu reaver
  4163 | D        | Noticed a shadow dragon
  4179 | D        | Killed a shadow dragon
  4189 | D        | Killed a tengu reaver
  4200 | D        | Killed a shadow dragon
  4207 | D        | Received a gift from Trog
  4257 | D        | Reached XP level 17. HP: 150/188 MP: 9/28
  4350 | D        | Got an ichor-stained helmet
  4361 | D        | Identified the cursed -6 helmet of Zotsof {*Drain rCorr Int+4} (You found it in the Dungeon)
  4384 | D        | Noticed a quicksilver dragon
  4384 | D        | Noticed a titan
  4410 | D        | Noticed a titan
  4416 | D        | Received a gift from Trog
  4428 | D        | Killed a titan
  4434 | D        | Got a polished scimitar {god gift}
  4442 | D        | Killed a quicksilver dragon
  4453 | D        | Killed a titan
  4453 | D        | Received a gift from Trog
  4468 | D        | Got a silver rune of Zot
  4473 | D        | Identified the +8 scimitar of the Badger {distort, *Slow Int+5 Dex+5} (Trog gifted it to you in the Dungeon)
  4483 | D        | Got a jewelled helmet
  4489 | D        | Identified the +0 helmet "Voumicoi" {rPois Str+5 Slay-5} (You found it in the Dungeon)
  4569 | D        | Noticed Jory
  4585 | D        | Killed Jory
  4595 | D        | Noticed Mara
  4601 | D        | Noticed NINUZHNO's illusion
  4610 | D        | Killed Mara
  4706 | D        | Got the ring of Xom's Capriciousness {rC+ rN+ Dex+3}
  4708 | D        | Got the amulet of Fusorar {Fragile Regen+ Int+2 Dex+2 SInv}
  4711 | D        | Got the ring "Jes Xeog" {rF+ Str+2 Dex+2}
  4717 | D        | Got the ring "Xidu" {*Slow +Fly rPois rF+++ rN+ Stlth-}
  4720 | D        | Got the ring of Kopsack {Ice Str+4 Stlth-}
  4846 | D        | Noticed Xtahua
  4862 | D        | Killed Xtahua
  4996 | D        | Noticed a quicksilver dragon
  5006 | D        | Killed a quicksilver dragon
  5006 | D        | Received a gift from Trog
  5031 | D        | Received a gift from Trog
  5055 | D        | Noticed a golden dragon
  5071 | D        | Killed a golden dragon
  5078 | D        | Received a gift from Trog
  5179 | D        | Received a gift from Trog
  5187 | D        | Noticed a quicksilver dragon
  5189 | D        | Killed a quicksilver dragon
  5200 | D        | Received a gift from Trog
  5205 | D        | Noticed a quicksilver dragon
  5215 | D        | a quicksilver dragon changed into an azure jelly
  5235 | D        | Gained mutation: You passively map a large area around you. [Deep Dwarf growth]
  5235 | D        | Reached XP level 18. HP: 189/204 MP: 29/29
  5255 | D        | Received a gift from Trog
  5311 | D        | Noticed a golden dragon
  5324 | D        | Reached skill level 27 in Long Blades
  5344 | D        | Received a gift from Trog
  5365 | D        | Killed a golden dragon
  5376 | D        | Received a gift from Trog
  5550 | D        | Noticed a golden dragon
  5557 | D        | Reached skill level 27 in Armour
  5557 | D        | Reached skill level 27 in Evocations
  5568 | D        | Received a gift from Trog
  5579 | D        | Killed a golden dragon
  5710 | D        | Noticed an Orb Guardian
  5710 | D        | Noticed an Orb Guardian
  5710 | D        | Noticed an Orb Guardian
  5710 | D        | Noticed an Orb Guardian
  5710 | D        | Noticed an Orb Guardian
  5710 | D        | Noticed an Orb Guardian
  5714 | D        | Killed an Orb Guardian
  5723 | D        | Killed an Orb Guardian
  5723 | D        | Received a gift from Trog
  5728 | D        | Killed an Orb Guardian
  5733 | D        | Noticed an Orb Guardian
  5733 | D        | Killed an Orb Guardian
  5739 | D        | Killed an Orb Guardian
  5745 | D        | Killed an Orb Guardian
  5745 | D        | Reached skill level 27 in Dodging
  5751 | D        | Killed an Orb Guardian
  5753 | D        | Noticed an Orb Guardian
  5754 | D        | Noticed an Orb Guardian
  5755 | D        | Noticed an Orb Guardian
  5757 | D        | Killed an Orb Guardian
  5761 | D        | Killed an Orb Guardian
  5761 | D        | Received a gift from Trog
  5763 | D        | Killed an Orb Guardian
  5902 | D        | Noticed a curse toe
  5902 | D        | Noticed an Orb Guardian
  5902 | D        | Noticed an Orb Guardian
  5909 | D        | Noticed an Orb Guardian
  5917 | D        | Killed an Orb Guardian
  5919 | D        | an Orb Guardian changed into an emperor scorpion
  5928 | D        | Noticed an Orb Guardian
  6159 | D        | Reached skill level 27 in Fighting
  6165 | D        | Killed a curse toe
  6165 | D        | Received a gift from Trog
  6183 | D        | Killed an Orb Guardian
  6188 | D        | Killed an Orb Guardian
  6282 | D        | Noticed an ancient lich
  6295 | D        | Killed an ancient lich
  6295 | D        | Reached XP level 19. HP: 160/226 MP: 31/31
  6363 | D        | Noticed an orb of fire
  6369 | D        | Killed an orb of fire
  6413 | D        | Lost mutation: Scrolls take you a little longer to read. [potion of cure mutation]
  6415 | D        | Noticed an electric golem
  6423 | D        | Killed an electric golem
  6430 | D        | Noticed an electric golem
  6430 | D        | Noticed an electric golem
  6430 | D        | Noticed an orb of fire
  6430 | D        | Noticed an orb of fire
  6430 | D        | Noticed a golden dragon
  6438 | D        | Noticed an orb of fire
  6444 | D        | Killed an orb of fire
  6444 | D        | Received a gift from Trog
  6458 | D        | Gained mutation: You expend magic power (3 MP) to strengthen your wands. [an orb of fire]
  6461 | D        | Killed an orb of fire
  6461 | D        | Reached skill level 27 in Stealth
  6463 | D        | Gained mutation: You are weak. (Str -2) [an orb of fire]
  6467 | D        | Noticed an orb of fire
  6467 | D        | Gained mutation: Your body sometimes deteriorates upon taking damage. [an orb of fire]
  6476 | D        | Gained mutation: You are dopey. (Int -2) [an orb of fire]
  6477 | D        | Killed an orb of fire
  6481 | D        | Gained mutation: You are clumsy. (Dex -2) [an orb of fire]
  6485 | D        | Gained mutation: Your spells are a little easier to cast, but a little less powerful. [an orb of fire]
  6504 | D        | Gained mutation: Your magical capacity is low. (-10% MP) [an orb of fire]
  6676 | D        | Killed an electric golem
  6767 | D        | Killed an orb of fire
  6772 | D        | Killed a golden dragon
  6772 | D        | Reached skill level 15 in Throwing
  6778 | D        | Received a gift from Trog
  6806 | D        | Lost mutation: Your body sometimes deteriorates upon taking damage. [potion of cure mutation]
  6806 | D        | Lost mutation: Your spells are a little easier to cast, but a little less powerful. [potion of cure mutation]
  6806 | D        | Lost mutation: You are clumsy. (Dex -2) [potion of cure mutation]
  6806 | D        | Lost mutation: You expend magic power (3 MP) to strengthen your wands. [potion of cure mutation]
  6806 | D        | Lost mutation: You are weak. (Str -2) [potion of cure mutation]
  6854 | D        | Noticed an electric golem
  6877 | D        | Killed an electric golem
  6881 | D        | Noticed an electric golem
  6883 | D        | Killed an electric golem
  6892 | D        | Killed an electric golem
  6973 | D        | Noticed an electric golem
  6985 | D        | Killed an electric golem
  6985 | D        | Received a gift from Trog
  7099 | D        | Received a gift from Trog
  7108 | D        | Reached XP level 20. HP: 115/236 MP: 28/28
  7117 | D        | Received a gift from Trog
  7128 | D        | Received a gift from Trog
  7381 | D        | Noticed an ancient lich
  7393 | D        | Received a gift from Trog
  7393 | D        | Received a gift from Trog
  7402 | D        | Killed an ancient lich
  7408 | D        | Received a gift from Trog
  7412 | D        | Received a gift from Trog
  7422 | D        | Received a gift from Trog
  7428 | D        | Received a gift from Trog
  7525 | D        | Received a gift from Trog
  7538 | D        | Received a gift from Trog
  7542 | D        | Received a gift from Trog
  7572 | D        | Reached skill level 27 in Throwing
  7590 | D        | Received a gift from Trog
  7599 | D        | Reached skill level 10 in Unarmed Combat
  7615 | D        | Received a gift from Trog
  7617 | D        | Received a gift from Trog
  7658 | D        | Got an elven rune of Zot
  7798 | D        | Received a gift from Trog
  7800 | D        | Reached skill level 15 in Unarmed Combat
  7808 | D        | Noticed the Royal Jelly
  7823 | D        | Received a gift from Trog
  7833 | D        | Killed the Royal Jelly
  7867 | D        | Paralysed by a floating eye for 4 turns
  7874 | D        | Paralysed by a floating eye for 2 turns
  7880 | D        | Paralysed by a floating eye for 2 turns
  7883 | D        | Received a gift from Trog
  7953 | D        | Got a slimy rune of Zot
  8245 | D        | Received a gift from Trog
  8259 | D        | Received a gift from Trog
  8259 | D        | Reached XP level 21. HP: 191/244 MP: 29/29
  8327 | D        | Received a gift from Trog
  8338 | D        | Received a gift from Trog
  8371 | D        | Received a gift from Trog
  8376 | D        | Received a gift from Trog
  8387 | D        | Received a gift from Trog
  8405 | D        | Received a gift from Trog
  8651 | D        | Received a gift from Trog
  8700 | D        | Got a steaming scimitar {god gift}
  8917 | D        | Noticed a greater mummy
  8917 | D        | Noticed a greater mummy
  8917 | D        | Noticed a greater mummy
  8917 | D        | Noticed a greater mummy
  8926 | D        | Killed a greater mummy
  8941 | D        | Killed a greater mummy
  8941 | D        | Received a gift from Trog
  8941 | D        | Received a gift from Trog
  8941 | D        | Reached skill level 27 in Unarmed Combat
  9116 | D        | Killed a greater mummy
  9116 | D        | Received a gift from Trog
  9244 | D        | Killed a greater mummy
  9283 | D        | Noticed a greater mummy
  9284 | D        | Noticed a greater mummy
  9297 | D        | Killed a greater mummy
  9297 | D        | Received a gift from Trog
  9313 | D        | Killed a greater mummy
  9460 | D        | Got a golden rune of Zot
  9479 | D        | Received a gift from Trog
  9501 | D        | Received a gift from Trog
  9507 | D        | Received a gift from Trog
  9509 | D        | Received a gift from Trog
  9512 | D        | Got an abyssal rune of Zot
  9642 | D        | Noticed Geryon
  9646 | D        | Killed Geryon
  9649 | D        | Noticed Dispater
  9649 | D        | Noticed Antaeus
  9650 | D        | Noticed Asmodeus
  9683 | D        | Killed Antaeus
  9696 | D        | Killed from afar by a hellion

Skill      XL: |  1  2  3  4  5  6  7  8  9 10 11 12 13 14 15 16 17 18 19 20 21 |
---------------+----------------------------------------------------------------+-----
Fighting       | 3 4 5 6 7 8 9 11 12 13 14 16 17 19 20 22 27 | 27.0
Long Blades    | 4 6 8 10 11 12 14 16 17 19 21 23 25 26 27 | 27.0
Armour         | 5 6 7 8 9 11 12 14 15 17 18 20 22 23 26 27 | 27.0
Dodging        | 6 10 12 14 16 19 21 24 27 | 27.0
Evocations     | 6 12 15 19 22 25 27 | 27.0
Shields        | 13 19 21 | 21.9
Stealth        | 19 27 | 27.0
Throwing       | 22 27 | 27.0
Unarmed Combat | 23 27 | 27.0

Action                   |  1- 3 |  4- 6 |  7- 9 | 10-12 | 13-15 | 16-18 | 19-21 || total
-------------------------+-------+-------+-------+-------+-------+-------+-------++-------
Melee: Falchion          |    24 |     7 |       |       |       |       |       ||    31
       Scimitar          |       |    29 |    67 |     7 |       |       |       ||   103
       Great sword       |       |       |       |    25 |   115 |    17 |       ||   157
       Triple sword      |       |       |       |   221 |   398 |   432 |   630 ||  1681
       Double sword      |       |       |       |       |       |   323 |       ||   323
Invok: Berserk           |     2 |       |     2 |     3 |     5 |     3 |     6 ||    21
       Trog's Hand       |       |     3 |     3 |    13 |    29 |    39 |    60 ||   147
       Brothers in Arms  |       |       |       |     2 |     2 |     4 |     2 ||    10
 Abil: Device Recharging |       |       |       |     2 |     2 |     1 |       ||     5
Evoke: Wand              |       |       |       |     6 |    14 |     8 |     1 ||    29
       Rod               |       |       |       |       |       |     3 |       ||     3
       Horn of Geryon    |       |       |       |       |       |       |     2 ||     2
  Use: Potion            |       |       |       |       |     2 |     1 |    12 ||    15
       Scroll            |       |       |       |       |     2 |     9 |     3 ||    14
 Stab: Sleeping          |       |       |       |       |       |       |     9 ||     9
       Distracted        |       |       |       |       |       |       |     2 ||     2
  Eat: Chunk             |       |     1 |     2 |    13 |    21 |    15 |     4 ||    56
       Pizza             |       |       |       |     1 |       |     2 |       ||     3
       Fruit             |       |       |       |       |     1 |     6 |     2 ||     9
       Bread ration      |       |       |       |       |     1 |     2 |    10 ||    13
Armor: Animal skin       |     3 |       |       |       |       |       |       ||     3
       Plate armour      |       |    12 |    36 |    52 |       |       |       ||   100
       Fire dragon scale |       |       |       |    30 |   141 |    86 |       ||   257
       Ice dragon scales |       |       |       |       |       |   138 |   229 ||   367
Dodge: Dodged            |    17 |    13 |    22 |   110 |   282 |   368 |   370 ||  1182
Block: Other             |       |       |       |    11 |    50 |    38 |    55 ||   154
       Reflection        |       |       |       |       |     3 |     2 |     1 ||     6
       Shield            |       |       |       |       |       |   138 |       ||   138
       Rpst.: Falchion   |     2 |     2 |       |       |       |       |       ||     4
       Scimitar          |       |     5 |     4 |     1 |       |       |       ||    10
       Great sword       |       |       |       |     2 |    13 |     1 |       ||    16
       Triple sword      |       |       |       |    18 |    51 |    44 |    63 ||   176
       Double sword      |       |       |       |       |       |    21 |       ||    21
